 Dungeon Crawl Stone Soup version 0.28-a0-1435-g82390b3a13 (webtiles) character file.

Game seed: 4986411638711245684

147 Lekart the Skirmisher (level 5, -1/47 HPs)
             Began as a Draconian Fighter on Jan 9, 2022.
             Was a Follower of Okawaru.
             Succumbed to a kobold's poison
             ... in a sewer.
             The game lasted 00:04:59 (2429 turns).

Lekart the Skirmisher (Draconian Fighter)           Turns: 2429, Time: 00:05:00

Health: -1/47      AC:  6    Str: 19    XL:     5   Next: 7%
Magic:  5/5        EV: 12    Int:  8    God:    Okawaru [*.....]
Gold:   88         SH:  4    Dex: 12    Spells: 4/4 levels left

rFire   . . .      SeeInvis .   a - +1 long sword
rCold   . . .      Faith    .   b - +0 buckler
rNeg    . . .      Spirit   .   (armour unavailable)
rPois   .          Reflect  .   (helmet restricted)
rElec   .          Harm     .   (no cloak)
rCorr   .          Rampage  .   f - +0 pair of gloves
Will    +....                   (no boots)
Stlth   +.........              (no amulet)
HPRegen 0.15/turn               (no ring)
MPRegen 0.09/turn               (no ring)

@: lethally poisoned (-1 -> -18)
A: AC +5, unfitting armour, cold-blooded, strong-willed 1, sense surroundings 1,
inability to read while threatened
a: Renounce Religion, Heroism


You were in a sewer.
You worshipped Okawaru.
Okawaru was aware of your devotion.
You visited 1 branch of the dungeon, and saw 3 of its levels.
You also visited: Sewer.

You collected 88 gold pieces.

Inventory:

Hand Weapons
 a - a +1 long sword (weapon)
Armour
 b - a +0 buckler (worn)
 f - a +0 pair of gloves (worn)
Jewellery
 h - a ring of poison resistance
 i - a +4 ring of slaying
Scrolls
 e - a scroll of enchant armour {unknown}
 g - a scroll of fog
Potions
 c - a potion of might


   Skills:
 * Level 4.6 Fighting
 + Level 3.3 Long Blades
 + Level 3.4 Dodging
 + Level 3.4 Shields


You had 4 spell levels left.
You didn't know any spells.
Your spell library was empty.

Dungeon Overview and Level Annotations

Branches:
Dungeon (3/15)              Sewer (1/1)

Altars:
Okawaru


Innate Abilities, Weirdness & Mutations

Your plain brown scales are hard. (AC +5)
You cannot fit into any form of body armour.
You are cold-blooded and may be slowed by cold attacks.
You are strong-willed. (Will+)
You passively map a small area around you.
You sometimes lose the ability to read scrolls when taking damage.


Message History

The kobold brigand throws a poisoned dart.
The poisoned dart barely misses you.
The kobold hits the plant with a +0 whip.
The plant begins to die.
You can read scrolls again.
You aren't carrying any items that you can evoke.
Okay, then.
A nearby fungus withers and dies.
You barely miss the kobold.
Your tail-slap misses the kobold.
The kobold hits you with a +0 club.
* * * LOW HITPOINT WARNING * * *
The kobold hits you but does no damage.
You barely miss the kobold.
Your tail-slap misses the kobold.
A nearby plant withers and dies.
The kobold hits you but does no damage.
You are poisoned.
The kobold hits you with a +0 dagger of speed.
* * * LOW HITPOINT WARNING * * *
The kobold brigand barely misses you.
You feel better. The kobold hits you but does no damage.
The kobold barely misses you.
The kobold brigand hits you but does no damage.
The kobold hits you with a +2 dagger of venom.
You are poisoned.
You closely miss the kobold.
Your tail-slap misses the kobold.
You feel very sick. The kobold barely misses you.
The kobold hits you but does no damage. The kobold closely misses you.
The kobold brigand hits you with a +0 short sword.
* * * LOW HITPOINT WARNING * * *
The kobold hits you with a +2 dagger of venom.
You feel threatened and lose the ability to read scrolls!
* * * LOW HITPOINT WARNING * * *
You are more poisoned.
The kobold barely misses you.
You can read scrolls again.
* * * LOW HITPOINT WARNING * * *
You feel very sick.
The kobold throws a stone.
The stone hits you but does no damage. The kobold hits you but does no damage.
You die...

##.....≈≈#≈≈≈#≈≈......
#.....P≈P≈≈≈≈#≈.......
#.....≈≈≈≈≈≈≈#........
####..P≈≈≈≈≈≈#...P....
#P...≈≈≈≈≈≈≈#P≈......
#.P...P≈#≈≈≈#≈≈......
#P....≈P#≈≈≈#≈≈..†.P.
###...≈≈#≈≈≈≈≈≈≈.....
##@P≈P#≈≈≈#≈≈≈.....
##....#≈≈≈#≈≈P....#
#KKKK.#≈≈≈#≈......#
#.K...#≈≈≈#≈......#
#..≈≈≈#≈≈≈#.......#
#...≈≈#≈≈≈#≈.≈...##
#..≈≈≈#≈≈≈#≈≈≈...#
#..≈≈≈≈≈≈≈#≈≈..###
###''##≈≈≈##''##


You could see a kobold brigand and 4 kobolds.

Vanquished Creatures
  A kobold brigand (Sewer)
  3 adders (D:2)
  A worm (D:2)
  4 ball pythons
  5 bats
  5 endoplasms
  3 giant cockroaches (D:3)
  A goblin (D:1)
  4 hobgoblins
  10 kobolds (Sewer)
  2 quokkas
  3 frilled lizards
  4 rats
46 creatures vanquished.

Vanquished Creatures (others)
  A fungus (Sewer)
  3 plants (Sewer)
4 creatures vanquished.

Grand Total: 50 creatures vanquished

Notes
Turn   | Place    | Note
-------+----------+-------------------------------------------
     0 | D:1      | Lekart the Draconian Fighter began the quest for the Orb.
     0 | D:1      | Reached XP level 1. HP: 19/19 MP: 1/1
   485 | D:1      | Reached XP level 2. HP: 27/27 MP: 2/2
   544 | D:1      | You fall into a shaft and drop 1 floor!
   859 | D:2      | Found a faded altar of an unknown god.
   867 | D:2      | Prayed at the altar of an unknown god.
   867 | D:2      | Became a worshipper of Warmaster Okawaru
   867 | D:2      | Reached * piety under Okawaru
  1025 | D:2      | Reached XP level 3. HP: 29/33 MP: 3/3
  1207 | D:2      | Reached skill level 4 in Fighting
  1523 | D:3      | Found a glowing drain.
  1532 | Sewer    | Entered a sewer
  1863 | Sewer    | Reached XP level 4. HP: 40/40 MP: 4/4
  1881 | Sewer    | Noticed a kobold brigand
  1903 | Sewer    | Killed a kobold brigand
  1904 | Sewer    | Reached XP level 5. HP: 11/47 MP: 5/5
  2162 | Sewer    | Gained mutation: You sometimes lose the ability to read
                  | scrolls when taking damage. [potion of mutation]
  2162 | Sewer    | Gained mutation: You are agile. (Dex +2) [potion of
                  | mutation]
  2163 | Sewer    | Lost mutation: You sometimes lose the ability to read
                  | scrolls when taking damage. [potion of mutation]
  2163 | Sewer    | Lost mutation: You are agile. (Dex +2) [potion of mutation]
  2163 | Sewer    | Gained mutation: You are clumsy. (Dex -2) [potion of
                  | mutation]
  2163 | Sewer    | Gained mutation: You sometimes lose the ability to read
                  | scrolls when taking damage. [potion of mutation]
  2163 | Sewer    | Gained mutation: You have hidden genetic potential. [potion
                  | of mutation]
  2351 | Sewer    | Lost mutation: You sometimes lose the ability to read
                  | scrolls when taking damage. [potion of mutation]
  2351 | Sewer    | Lost mutation: You are clumsy. (Dex -2) [potion of
                  | mutation]
  2351 | Sewer    | Lost mutation: You have hidden genetic potential. [potion
                  | of mutation]
  2351 | Sewer    | Gained mutation: You are strong-willed. (Will+) [potion of
                  | mutation]
  2351 | Sewer    | Gained mutation: You sometimes lose the ability to read
                  | scrolls when taking damage. [potion of mutation]
  2351 | Sewer    | Gained mutation: You passively map a small area around you.
                  | [potion of mutation]
  2429 | Sewer    | Succumbed to a kobold's poison

Illustrated notes

Levels and vault maps discovered:
D:1:      lemuel_arrival_cross, layout_basic
D:2:      layout_basic, ebering_ecumenical_altar_sacrificial
D:3:      mumra_celtic_spiral_tile, layout_rooms, gup_sewer_entry_pipe
Sewer:    kennysheep_pipe_town

Skill      XL: |  1  2  3  4 |
---------------+-------------+-----
Fighting       | 4 |  4.6
Dodging        | 3 |  3.4
Long Blades    | 3 |  3.3
Shields        | |  3.4

Action                   |  1- 3 |  4- 6 || total
-------------------------+-------+-------++-------
Melee: Long sword        |   114 |    42 ||   156
       Tailslap          |    10 |     2 ||    12
Invok: Heroism           |     1 |       ||     1
  Use: Scroll            |     3 |     4 ||     7
       Potion            |       |     5 ||     5
Armor: Skin              |    37 |    44 ||    81
Dodge: Dodged            |    97 |    55 ||   152
Block: Buckler           |    25 |    19 ||    44

Table legend: (Time is in decaauts)
 A = Elapsed time spent in this place.
 B = Non-inter-level travel time spent in this place.
 C = Inter-level travel time spent in this place.
 D = Time resting spent in this place.
 E = Time spent auto-exploring this place.
 F = Levels seen in this place.
 G = Mean time per level.
                   A        B        C        D        E       F      G
               +--------+--------+--------+--------+--------+-----+--------+
         Total |   2507 |   2434 |     73 |    401 |   1586 |   4 |  626.8 |
       Dungeon |   1558 |   1485 |     73 |      0 |   1272 |   3 |  519.3 |
         Sewer |    949 |    949 |      0 |    401 |    314 |   1 |  949.0 |
               +--------+--------+--------+--------+--------+-----+--------+

Top non-repeatable levels by time:
   Sewer: 949 daAuts
     D:1: 859 daAuts
     D:2: 669 daAuts
     D:3: 29 daAuts
